 Dungeon Crawl Stone Soup version 0.28.0-49-g6dfe1f597d (webtiles) character file.

Game seed: 12409997486495049887

119 Gabide the Poker (level 5, -3/41 HPs)
             Began as a Human Monk on May 17, 2022.
             Slain by Natasha (5 damage)
             ... on level 3 of the Dungeon.
             The game lasted 00:06:48 (2908 turns).

Gabide the Poker (Human Monk)                       Turns: 2908, Time: 00:06:49

Health: -3/41      AC:  5    Str: 13    XL:     5   Next: 23%
Magic:  5/5        EV: 11    Int: 10    God:
Gold:   84         SH:  0    Dex: 16    Spells: 4/4 levels left

rFire   . . .      SeeInvis .   a - +0 spear
rCold   . . .      Faith    .   (no shield)
rNeg    . . .      Spirit   .   j - +0 ring mail
rPois   .          Reflect  .   (no helmet)
rElec   .          Harm     .   (no cloak)
rCorr   .          Rampage  .   (no gloves)
Will    .....                   (no boots)
Stlth   +.........              (no amulet)
HPRegen 0.13/turn               (no ring)
MPRegen 0.09/turn               (no ring)

@: attractive
A: no striking features
a: no special abilities


You were on level 3 of the Dungeon.
You visited 1 branch of the dungeon, and saw 3 of its levels.

You collected 84 gold pieces.

Inventory:

Hand Weapons
 a - a +0 spear (weapon)
Missiles
 f - 5 poisoned darts (quivered)
Armour
 c - a +3 scale mail of cold resistance
 j - a +0 ring mail (worn)
Scrolls
 k - a scroll of vulnerability
 l - a scroll of amnesia


   Skills:
 - Level 3.0 Fighting
 + Level 1.8(2.9) Axes
 - Level 3.5(3.8) Polearms
 * Level 3.3 Armour
 - Level 3.0 Dodging
 - Level 2.0 Stealth


You had 4 spell levels left.
You didn't know any spells.
Your spell library contained the following spells:

 Spells                   Type           Power      Damage    Failure   Level
 Sublimation of Blood     Necr           0%         N/A       75%         2
 Wereblood                Tmut           0%         N/A       75%         2
 Summon Hydra             Summ           0%         N/A       100%        7


Dungeon Overview and Level Annotations

Branches:
Dungeon (3/15)

Altars:
Uskayaw

Shops:
D:1 (

Annotations:
D:3 Natasha


Message History

Natasha wildly gestures.
You feel disoriented.
A ball python and an endoplasm come into view.
The ball python hisses angrily.
The ball python is attracted toward you.
The endoplasm is attracted toward you. The endoplasm is attracted toward you.
A bat comes into view.
Found a stone staircase leading down.
The orc shouts!
Natasha extends her claws.
The ball python barely misses you. The ball python grabs you.
The ball python constricts you. Natasha claws you but does no damage.
The bat moves out of view.
The endoplasm is attracted toward you. The orc is attracted toward you.
You escape the ball python's grasp.
There is a faded altar of an unknown god here.
As you read the scroll labelled AFE TAXOSHE, it crumbles to dust.
It is a scroll of enchant armour.
Your +2 scale mail of cold resistance glows green for a moment.
Natasha claws you.
* * * LOW HITPOINT WARNING * * *
Okay, then.
Press: ? - help, v - describe, . - travel
Here: Natasha (inner flame)
A faded altar of an unknown god.
Unknown command.
Unknown command.
You aren't carrying any potions.
As you read the scroll labelled UNACIO VUPARA, it crumbles to dust.
The scroll dissolves into smoke.
It was a scroll of fog.
Natasha barely misses you. The endoplasm is attracted toward you.
Natasha claws you but does no damage.
A bat comes into view.
Found 15 sling bullets.
The bat is attracted toward you. The orc is attracted toward you.
The bat is attracted toward you.
Natasha wildly gestures.
Natasha shimmers violently.
Natasha claws you.
You die...

..
#§§o.....§...(####...#
....###.######.# #...#
......§§#####..# ....#
...#..§J§J§§..# #....#
#≈.≈≈#.###§§### ..#.##
#P≈≈≈P≈ ##.# ..#...
#P≈≈P≈.≈≈##S## #.# .#.
#P≈≈≈♣≈≈≈.≈.h###...#
#.≈.≈≈≈≈♣b≈P.@...#
.#.≈≈.≈≈♣≈≈P≈≈.##
.§P≈≈♣≈≈≈PP≈..
..##§P♣≈≈≈≈≈P#(.. .
#≈≈P≈♣♣≈≈≈≈# ## #≈≈≈♣
≈≈≈PP. ≈≈P≈ ♣≈P≈... ≈♣
≈P≈≈.###


You could see Natasha (inner flame), an endoplasm, a bat and a ball python.

Vanquished Creatures
  Natasha (D:3)
  A gnoll (D:1)
  3 adders
  A worm (D:2)
  2 dart slugs (D:1)
  6 orcs
  5 bats
  An endoplasm (D:1)
  2 giant cockroaches
  4 goblins
  6 hobgoblins
  A jackal (D:1)
  3 quokkas
  A ball python (D:1)
  4 frilled lizards
  3 kobolds
  A rat (D:2)
45 creatures vanquished.

Vanquished Creatures (others)
  34 plants
34 creatures vanquished.

Grand Total: 79 creatures vanquished

Notes
Turn   | Place    | Note
-------+----------+-------------------------------------------
     0 | D:1      | Gabide the Human Monk began the quest for the Orb.
     0 | D:1      | Reached XP level 1. HP: 18/18 MP: 1/1
   173 | D:1      | Reached XP level 2. HP: 24/24 MP: 2/2
   330 | D:1      | Found Xutricre's Weapon Shop.
   346 | D:1      | Reached skill level 1 in Armour
   601 | D:1      | Reached XP level 3. HP: 29/29 MP: 3/3
   911 | D:2      | Found a hide-covered altar of Uskayaw.
  1448 | D:2      | Reached XP level 4. HP: 20/32 MP: 4/4
  1454 | D:2      | Reached skill level 1 in Axes
  2848 | D:3      | Noticed Natasha
  2872 | D:3      | Killed Natasha
  2873 | D:3      | Reached XP level 5. HP: 22/41 MP: 5/5
  2883 | D:3      | Noticed Natasha
  2892 | D:3      | Found a faded altar of an unknown god.
  2900 | D:3      | HP: 1/41 [Natasha (6)]
  2908 | D:3      | Slain by Natasha

Illustrated notes

Levels and vault maps discovered:
D:1:      heliophobic_arrival_enchanted_forest, layout_rooms, serial_shops,
          nicolae_shop_bloodbath_and_beyond, minmay_ruptured
D:2:      layout_basic, basic_altar, serial_bayou, serial_bayou_shore_a,
          serial_bayou_crossing, serial_bayou_lake_a, serial_bayou_pond_a,
          wad_orctagon
D:3:      minmay_chambers_of_threes, layout_rooms, basic_ecumenical_altar,
          serial_bayou_lagoon_a, uniq_grinder, uniq_natasha,
          uniq_crazy_yiuf_cottage

Skill      XL: |  1  2  3  4 |
---------------+-------------+-----
Armour         | 1 2 3 |  3.3
Axes           | 1 |  1.8
Fighting       | |  3.0
Polearms       | |  3.5
Dodging        | |  3.0
Stealth        | |  2.0

Action                   |  1- 3 |  4- 6 || total
-------------------------+-------+-------++-------
Melee: Spear             |   105 |   133 ||   238
       Punch             |     1 |     2 ||     3
  Use: Scroll            |       |     5 ||     5
       Potion            |       |     3 ||     3
 Stab: Sleeping          |     5 |     1 ||     6
       Invisible         |       |     3 ||     3
Armor: Robe              |     1 |       ||     1
       Leather armour    |    12 |       ||    12
       Ring mail         |       |    33 ||    33
Dodge: Dodged            |    53 |    93 ||   146
